 Dungeon Crawl Stone Soup version 0.30-a0-170-g85af917532 (webtiles) character file.

Game seed: 1232007522317810102

71 qw the Chopper (level 4, -5/28 HPs)
             Began as a Gargoyle Fighter on Sept 30, 2022.
             Slain by Terence
             ... wielding a +5 flail of protection
              (6 damage)
             ... on level 2 of the Dungeon.
             The game lasted 00:00:38 (1953 turns).

qw the Chopper (Gargoyle Fighter)                   Turns: 1953, Time: 00:00:38

Health: -5/28      AC: 10    Str: 22    XL:     4   Next: 24%
Magic:  4/4        EV:  9    Int:  8    God:
Gold:   106        SH:  4    Dex:  9    Spells: 3/3 levels left

rFire   . . .      SeeInvis .    Y - +0 war axe
rCold   . . .      Faith    .    c - +0 buckler
rNeg    + . .      Spirit   .    b - +0 scale mail
rPois   inf        Reflect  .    (no helmet)
rElec   +          Harm     .    (no cloak)
rCorr   .          Rampage  .    (no gloves)
Will    .....                    (no boots)
Stlth   ..........               (no amulet)
HPRegen 0.09/turn                (no ring)
MPRegen 0.09/turn                (no ring)

@: no status effects
A: sickness immunity, AC +3, negative energy resistance 1, electricity
resistance, torment resistance 1, petrification resistance
a: no special abilities


You were on level 2 of the Dungeon.
You visited 1 branch of the dungeon, and saw 2 of its levels.

You collected 106 gold pieces.


Innate Abilities, Weirdness & Mutations

You are immune to sickness and miasma.
Your stone body is resilient. (AC +3)
You are immune to poison.
You resist negative energy. (rN+)
You are resistant to electric shocks. (rElec)
You are resistant to unholy torment.
You are immune to petrification.


   Skills:
 - Level 3.2 Fighting
 + Level 4.0 Axes
 - Level 3.2 Armour
 - Level 3.2 Shields


You had 3 spell levels left.
You didn't know any spells.
Your spell library was empty.

Inventory:

Hand Weapons
 e - a +0 whip
 Y - a +0 war axe (weapon)
Armour
 b - a +0 scale mail (worn)
 c - a +0 buckler (worn)
Jewellery
 a - an amulet of the acrobat
Scrolls
 g - a scroll of identify
Potions
 d - a potion of might
 f - a potion of degeneration {unknown}
 h - a potion of haste {unknown}
 k - a potion of magic {unknown}

Dungeon Overview and Level Annotations

Branches:
Dungeon (2/15)

Altars:

Annotations:
D:2 Terence


Message History

A goblin comes into view. It is wielding a +0 dagger.
A goblin comes into view. It is wielding a +0 dagger.
You closely miss the goblin. The goblin barely misses you.
The goblin hits you but does no damage.
Terence the Incautious comes into view.
He is wielding a +5 flail of protection.
You closely miss the goblin.
Terence shouts!
You slash the goblin!
You kill the goblin!
You hit the goblin.
You kill the goblin!
A goblin comes into view. It is wielding a +0 club. x2
You slash the hobgoblin!
You kill the hobgoblin!
Your Axes skill increases to level 4!
You hit Terence.
Terence is lightly wounded.
Terence shouts, "Get ready for death!"
Terence closely misses you.
You slash Terence!
Terence is heavily wounded.
Terence hits you with a +5 flail of protection! x2
You block the goblin's attack. The goblin barely misses you.
You hit Terence but do no damage.
Terence is heavily wounded.
You slash the goblin!
You kill the goblin!
You hit the goblin. Terence barely misses you.
The goblin hits you but does no damage.
You hit Terence but do no damage.
Terence is heavily wounded.
You closely miss the goblin. Terence misses you. The goblin closely misses you.
You slash Terence!
Terence is almost dead.
You completely miss the goblin.
Terence hits you with a +5 flail of protection!
The goblin hits you but does no damage.
Terence hits you with a +5 flail of protection.
You die...

......##..##..##............#....
.....####....####...........#....
.....## ##..## ##.).........#....
......## #..# ##............#....
.......###..###.............#%..[
.....#..........#.....%>....'%...
.###.#......^g..#.#####.#####....
.# #...###..###@).# #.# ##### .#
..## #. ##@)# # #.# .# .## #
##g#.#.#.# .# #)....#.# .#
#..#.#.#.# . ....#.# #.# #g#### #
#.# ##### .g. #.# #.... g## #.#
#.### . #.# #....


You could see Terence and 2 goblins.

Vanquished Creatures
  Robin (D:2)
  An adder (D:2)
  A worm (D:2)
  A dart slug (D:1)
  5 endoplasms
  A giant cockroach (D:1)
  7 goblins
  5 hobgoblins
  3 jackals (D:1)
  3 quokkas
  3 ball pythons
  2 bats
  5 frilled lizards
  3 kobolds
  3 rats (D:1)
44 creatures vanquished.

Notes
Turn   | Place    | Note
-------+----------+-------------------------------------------
     0 | D:1      | qw the Gargoyle Fighter began the quest for the Orb.
     0 | D:1      | Reached XP level 1. HP: 14/14 MP: 1/1
     0 | D:1      | 0 ||| qw: Version: 0.2-a-12-gaebbb33
     0 | D:1      | 0 ||| qw: Game counter: 1431
     0 | D:1      | 0 ||| qw: Always use a shield: true
     0 | D:1      | 0 ||| qw: God list: Okawaru
     0 | D:1      | 0 ||| qw: Allow faded altars: false
     0 | D:1      | 0 ||| qw: Do Orc after D:15 true
     0 | D:1      | 0 ||| qw: Do second Lair branch before Depths: true
     0 | D:1      | 0 ||| qw: Lair rune preference: random
     0 | D:1      | 0 ||| qw: Plans: Normal, Zot:1-4, God:TSO, Crypt, Tomb,
                  | Pan, Slime:5, Hells, Abyss, Orb
     0 | D:1      | 0 ||| PLANNING D:1-11
    94 | D:1      | Reached skill level 2 in Axes
   186 | D:1      | 186 ||| Stepping ~*~*~tactically~*~*~ (stealth).
   294 | D:1      | Reached XP level 2. HP: 19/19 MP: 2/2
   624 | D:1      | Reached skill level 3 in Axes
   966 | D:1      | Reached XP level 3. HP: 22/23 MP: 3/3
  1082 | D:1      | 1082 ||| READING scroll labelled POR SEEXEIV.
  1083 | D:1      | 1083 ||| READING scroll labelled POJIEJ HUTID.
  1084 | D:1      | 1084 ||| READING scroll labelled KASO CUDACZA.
  1085 | D:1      | 1085 ||| READING scroll labelled SODOSK JIPTOUPTUS.
  1086 | D:1      | 1086 ||| READING scroll labelled VOTYZA ILAO.
  1089 | D:1      | 1089 ||| READING 2 scrolls labelled TIDUSIHUOLL.
  1090 | D:1      | 1090 ||| DROPPING scroll of immolation.
  1136 | D:2      | Found a faded altar of an unknown god.
  1355 | D:2      | 1355 ||| Stepping ~*~*~tactically~*~*~ (stealth).
  1726 | D:2      | 1726 ||| Stepping ~*~*~tactically~*~*~ (stealth).
  1735 | D:2      | 1735 ||| Stepping ~*~*~tactically~*~*~ (stealth).
  1922 | D:2      | 1922 ||| Stepping ~*~*~tactically~*~*~ (stealth).
  1928 | D:2      | 1928 ||| Stepping ~*~*~tactically~*~*~ (stealth).
  1930 | D:2      | Noticed Robin
  1931 | D:2      | 1931 ||| Stepping ~*~*~tactically~*~*~ (hiding).
  1938 | D:2      | Killed Robin
  1939 | D:2      | Reached XP level 4. HP: 28/28 MP: 4/4
  1944 | D:2      | Noticed Terence
  1949 | D:2      | Reached skill level 4 in Axes
  1953 | D:2      | HP: 1/28 [Terence/+5 flail of protection (8)]
  1953 | D:2      | Slain by Terence

Levels and vault maps discovered:
D:1:      dpeg_arrival_connections, layout_loops_corners
D:2:      layout_basic, nicolae_ecumenical_oubliette, palyth_stone_intersect,
          uniq_robin, uniq_terence

Skill      XL: |  1  2  3  4 |
---------------+-------------+-----
Axes           | 2 3 4 |  4.0
Fighting       | |  3.2
Armour         | |  3.2
Shields        | |  3.2

Action                   |  1- 3 |  4- 6 || total
-------------------------+-------+-------++-------
Melee: War axe           |   117 |    10 ||   127
  Use: Scroll            |     6 |       ||     6
Armor: Scale mail        |    54 |     3 ||    57
Dodge: Dodged            |    49 |     6 ||    55
Block: Buckler           |    13 |     1 ||    14

Table legend:
 A = Non-vault XP
 B = Vault XP
 C = Vault XP percentage of total XP
 D = Non-vault monster count
 E = Vault monster count
 F = Vault count percentage of total count
                 A         B        C        D         E       F
            +---------+---------+-------+---------+---------+-------
      Total |      73 |      29 |  28.4 |      35 |       9 |  20.5
            +---------+---------+-------+---------+---------+-------
        D:1 |      34 |       0 |   0.0 |      20 |       0 |   0.0
        D:2 |      39 |      29 |  42.6 |      15 |       9 |  37.5
            +---------+---------+-------+---------+---------+-------
